 Dungeon Crawl Stone Soup version 0.24.1-8-ga250c9d538 (webtiles) character file.

Game seed: 2579951854067349261, levelgen mode: deterministic

781846 Masnef the Conqueror (level 27, -3/249 HPs)
             Began as a Formicid Fighter on May 1, 2020.
             Was the Champion of Okawaru.
             Killed from afar by a starcursed mass (20 damage)
             ... with an accursed screaming
             ... on level 3 of the Abyss on May 3, 2020.
             The game lasted 07:44:27 (102349 turns).

Masnef the Conqueror (Formicid Fighter)           Turns: 102349, Time: 07:44:28

Health: -3/249     AC: 24    Str: 45    XL:     27
Magic:  18/38      EV: 21    Int: 32    God:    Okawaru [******]
Gold:   4977       SH: 28    Dex:  7    Spells: 15/58 levels left

rFire    + + .     SeeInvis +   S - +10 morningstar of Abuse {freeze, Int+7 SInv}
rCold    + + .     Gourm    .   H - +0 large shield "Itasont" {rElec Int+6 Dex+2}
rNeg     + . .     Faith    .   K - +3 pearl dragon scales of Twilight {rF+ rN+ Str+8 Dex-5 SInv}
rPois    +         Spirit   .   (helmet unavailable)
rElec    +         Reflect  +   X - scarf {rC+ rF+}
rCorr    .         Harm     .   T - +2 pair of gloves {Str+3}
MR       ++...                  w - +2 pair of boots {run}
Stlth    +++.......             N - +4 amulet of reflection
HPRegen  0.51/turn              a - ring of the Past {*Contam rPois Str+8 SInv}
MPRegen  0.26/turn              Z - ring of Zoakepn {rC+ EV+4 Str+3 Slay+3, GOOD}

@: finesse, quick
A: permanent stasis, dig shafts and tunnels, four strong arms, antennae 3,
deformed body, deterioration 1, low mp 1, poison resistance, screaming 1,
MP-powered wands
}: 4/15 runes: serpentine, barnacled, slimy, silver
a: Dig, Shaft Self, Heroism, Finesse, Renounce Religion


You were on level 3 of the Abyss.
You worshipped Okawaru.
Okawaru was exalted by your worship.
You were very hungry.

You visited 12 branches of the dungeon, and saw 58 of its levels.
You visited the Abyss 2 times.
You visited 1 bazaar.
You also visited: Sewer, Ice Cave and Wizlab.

You collected 9693 gold pieces.
You spent 4716 gold pieces at shops.

Inventory:

Hand Weapons
 m - a +9 great mace of holy wrath
 O - a +9 great mace of protection
 S - the +10 morningstar of Abuse (weapon) {freeze, Int+7 SInv}
   (You found it on level 5 of the Pits of Slime)

   It has been specially enchanted to freeze those struck by it, causing extra
   injury to most foes and up to half again as much damage against particularly
   susceptible opponents.
   It can also slow down cold-blooded creatures.
   It affects your intelligence (+7).
   It lets you see invisible.
Missiles
 b - 86 silver javelins (quivered)
 h - 13 atropa-tipped darts
 j - 16 boomerangs of dispersal
 Y - 4 throwing nets
Armour
 w - a +2 pair of boots of running (worn)
 H - the +0 large shield "Itasont" (worn) {rElec Int+6 Dex+2}
   (You acquired it on level 2 of the Depths)

   It affects your intelligence (+6).
   It affects your dexterity (+2).
   It insulates you from electricity.
 K - the +3 pearl dragon scales of Twilight (worn) {rF+ rN+ Str+8 Dex-5 SInv}
   (You bought it in a shop on level 4 of the Depths)

   It affects your strength (+8).
   It affects your dexterity (-5).
   It protects you from fire.
   It protects you from negative energy.
   It lets you see invisible.
 T - a +2 pair of gloves of strength (worn)
 X - a scarf of resistance (worn)
Jewellery
 a - the ring of the Past (left hand) {*Contam rPois Str+8 SInv}
   (You found it on level 3 of the Snake Pit)

   [ring of see invisible]

   It affects your strength (+8).
   It protects you from poison.
   It lets you see invisible.
   It causes magical contamination when unequipped.
 c - an uncursed ring of protection from magic
 i - a +6 ring of evasion
 A - an uncursed ring of resist corrosion
 F - the ring "Quppaolu" {EV+3 Int+4}
   (You acquired it on level 11 of the Dungeon)

   [ring of evasion]

   It affects your evasion (+3).
   It affects your intelligence (+4).
 I - an uncursed ring of positive energy
 N - a +4 amulet of reflection (around neck)
 Z - the ring of Zoakepn (right hand) {rC+ EV+4 Str+3 Slay+3, GOOD}
   (You took it off a deep elf archer on level 5 of the Vaults)

   [ring of evasion]

   It affects your evasion (+4).
   It affects your strength (+3).
   It affects your accuracy and damage with ranged weapons and melee attacks
   (+3).
   It protects you from cold.
Wands
 l - a wand of acid (36)
 D - a wand of digging (15)
 M - a wand of clouds (17)
 Q - a wand of scattershot (8)
 U - a wand of iceblast (29)
Scrolls
 q - 42 scrolls of remove curse
 t - 3 scrolls of holy word
 y - 2 scrolls of summoning
 C - 7 scrolls of identify
 G - 9 scrolls of fog
 J - 9 scrolls of immolation
 L - 8 scrolls of fear
 V - 2 scrolls of silence
 W - 13 scrolls of magic mapping
Potions
 d - 3 potions of might
 g - 4 potions of ambrosia
 k - 2 potions of invisibility
 n - 7 potions of cancellation
 s - 6 potions of agility
 u - 3 potions of magic
 v - 5 potions of brilliance
 x - 9 potions of flight
 B - 5 potions of mutation
 E - a potion of heal wounds
 P - 9 potions of curing
 R - a potion of resistance
Miscellaneous
 e - a box of beasts
 o - the horn of Geryon
 p - a fan of gales
 r - a lamp of fire
 z - 2 phantom mirrors
Comestibles
 f - 71 rations


   Skills:
 O Level 27 Fighting
   Level 9.7(15.7) Axes
 - Level 19.4(20.0) Maces & Flails
 * Level 11.6 Throwing
 + Level 18.8 Armour
 + Level 15.9 Dodging
 - Level 13.0 Stealth
 - Level 15.0 Shields
 + Level 16.1 Spellcasting
 - Level 7.0 Conjurations
 - Level 2.0 Hexes
 - Level 8.3 Necromancy
 - Level 4.0 Translocations
 + Level 0.1 Transmutations
 O Level 27 Earth Magic
 - Level 10.0 Invocations
 * Level 12.0 Evocations


You had 15 spell levels left.
You knew the following spells:

 Your Spells              Type           Power        Failure   Level  Hunger
a - Lesser Beckoning      Tloc           ######....   1%          3    None
b - Iron Shot             Conj/Erth      #######...   1%          6    ##.....
c - Confusing Touch       Hex            #####.       1%          1    None
d - Leda's Liquefaction   Hex/Erth       #######...   1%          4    None
e - Borgnjor's Vile Clut  Necr/Erth      #######...   1%          5    None
f - Shatter               Erth           ########..   3%          9    #######
g - Passage of Golubria   Tloc           N/A          4%          4    None
h - Dispel Undead         Necr           ######..     2%          5    None
i - Statue Form           Tmut/Erth      #######..    1%          6    ##.....

Your spell library contained the following spells:

 Spells                   Type           Power        Failure   Level  Hunger
 Sandblast                Erth           ######       0%          1    None
 Stone Arrow              Conj/Erth      ######       0%          3    None
 Corona                   Hex            #####..      1%          1    None
 Flame Tongue             Conj/Fire      #####        1%          1    None
 Shock                    Conj/Air       ####         1%          1    None
 Sting                    Conj/Pois      ####         1%          1    None
 Corpse Rot               Necr           N/A          1%          2    None
 Shroud of Golubria       Chrm/Tloc      #####.       1%          2    None
 Slow                     Hex            #####...     1%          2    None
 Sublimation of Blood     Necr           ######....   1%          2    None
 Throw Flame              Conj/Fire      #####.       1%          2    None
 Conjure Flame            Conj/Fire      #####...     1%          3    None
 Dazzling Spray           Conj/Hex       ######       1%          3    None
 Gell's Gravitas          Tloc           ######....   1%          3    None
 Portal Projectile        Hex/Tloc       #####.       1%          3    None
 Regeneration             Chrm/Necr      ######....   1%          3    None
 Static Discharge         Conj/Air       #####...     1%          3    None
 Teleport Other           Tloc           ######..     1%          3    None
 Animate Dead             Necr           N/A          1%          4    None
 Petrify                  Tmut/Erth      #######.     1%          4    None
 Bolt of Magma            Conj/Fire/Erth #######...   1%          5    None
 Beastly Appendage        Tmut           ####..       2%          1    None
 Infusion                 Chrm           ####         2%          1    None
 Summon Butterflies       Summ           ####....     2%          1    None
 Summon Small Mammal      Summ           ####         2%          1    None
 Ensorcelled Hibernation  Hex/Ice        ####..       2%          2    None
 Mephitic Cloud           Conj/Pois/Air  #####...     2%          3    None
 Agony                    Necr           ######..     2%          5    None
 Bolt of Draining         Conj/Necr      ######....   2%          5    None
 Call Imp                 Summ           ####....     3%          2    None
 Poisonous Vapours        Pois/Air       ####..       3%          2    None
 Song of Slaying          Chrm           ####....     3%          2    None
 Sticks to Snakes         Tmut           ####....     3%          2    None
 Swiftness                Chrm/Air       ####....     3%          2    None
 Confuse                  Hex            #####...     3%          3    None
 Recall                   Summ/Tloc      N/A          3%          3    None
 Tukima's Dance           Hex            #####...     3%          3    None
 Inner Flame              Hex/Fire       ####....     4%          3    None
 Spectral Weapon          Hex/Chrm       ####....     4%          3    None
 Summon Guardian Golem    Hex/Summ       ####....     4%          3    None
 Sticky Flame             Conj/Fire      #####...     5%          4    None
 Call Canine Familiar     Summ           ####....     7%          3    None
 Ignite Poison            Fire/Tmut/Pois ####....     7%          3    None
 Spider Form              Tmut/Pois      ####......   7%          3    None
 Cause Fear               Hex            #####.....   11%         4    None
 Excruciating Wounds      Chrm/Necr      ######....   12%         5    None
 Death Channel            Necr           ######....   12%         6    ##.....
 Lehudib's Crystal Spear  Conj/Erth      #######...   14%         8    ######.
 Fireball                 Conj/Fire      #####.....   16%         5    None
 Irradiate                Conj/Tmut      #####.....   16%         5    None
 Iskenderun's Battlesphe  Conj/Chrm      #####...     16%         5    None
 Lightning Bolt           Conj/Air       #####.....   16%         5    None
 Venom Bolt               Conj/Pois      #####.....   16%         5    None
 Ice Form                 Ice/Tmut       ####....     22%         4    None
 Airstrike                Air            ####......   24%         4    None
 Olgreb's Toxic Radiance  Pois           ####....     24%         4    None
 Summon Ice Beast         Ice/Summ       ####....     24%         4    None
 Summon Lightning Spire   Summ/Air       ####....     24%         4    None
 Summon Forest            Summ/Tloc      #####.....   28%         5    None
 Yara's Violent Unravell  Hex/Tmut       ####......   38%         5    None
 Metabolic Englaciation   Hex/Ice        ####......   41%         5    None
 Silence                  Hex/Air        ####......   41%         5    None
 Summon Mana Viper        Hex/Summ       ####....     41%         5    None
 Blade Hands              Tmut           ####......   54%         5    None
 Simulacrum               Ice/Necr       ######....   54%         6    ##.....
 Bolt of Fire             Conj/Fire      #####.....   65%         6    ##.....
 Conjure Ball Lightning   Conj/Air       #####.....   65%         6    ##.....
 Poison Arrow             Conj/Pois      #####.....   65%         6    ##.....
 Orb of Destruction       Conj           ######....   75%         7    ####...
 Darkness                 Hex            #####.....   85%         6    ##.....
 Hydra Form               Tmut           ####......   98%         6    ##.....
 Shadow Creatures         Summ           N/A          98%         6    ##.....
 Haunt                    Necr/Summ      ######....   98%         7    ####...
 Spellforged Servitor     Conj/Summ      #####.....   99%         7    ####...
 Borgnjor's Revivificati  Necr           ######....   99%         8    ######.
 Infestation              Necr           ######....   99%         8    ######.
 Dragon Form              Tmut           ####......   100%        7    ####...
 Ring of Flames           Chrm/Fire      ####......   100%        7    ####...
 Summon Hydra             Summ           ####......   100%        7    ####...
 Chain Lightning          Conj/Air       #####.....   100%        8    ######.
 Death's Door             Chrm/Necr      ######....   100%        8    ######.
 Ignition                 Fire           ####......   100%        8    ######.
 Necromutation            Tmut/Necr      ######....   100%        8    ######.
 Dragon's Call            Summ           ####......   100%        9    #######
 Fire Storm               Conj/Fire      #####.....   100%        9    #######
 Glaciate                 Conj/Ice       #####.....   100%        9    #######
 Tornado                  Air            ####......   100%        9    #######
 Blink                    Tloc           Unusable     N/A         2    N/A

Dungeon Overview and Level Annotations

Branches:
Dungeon (15/15)            Temple (0/1) D:5            Lair (6/6) D:8
 Shoals (4/4) Lair:3        Snake (4/4) Lair:2        Slime (5/5) Lair:5
    Orc (2/2) D:12            Elf (3/3) Orc:2        Vaults (5/5) D:13
  Crypt (3/3) Vaults:2       Tomb (0/3) Crypt:3      Depths (5/5) D:15
   Hell (visited)             Dis (0/7) Hell            Geh (0/7) Hell
    Coc (0/7) Hell            Tar (0/7) Hell            Zot (5/5) Depths:5
  Sewer (visited)           IceCv (visited)          WizLab (visited)

Altars:
Ashenzari
Cheibriados
Elyvilon
Kikubaaqudgha
Okawaru
Sif Muna
Xom
Jiyva

Shops:
Orc:2 }(([   Elf:1 ?   Elf:3 }   Shoals:2 }   Vaults:2 =   Vaults:3 *??
Depths:1 (=:[   Depths:4 *=[[

Portals:
Hell: Depths:1 Depths:2 Depths:3 Depths:4 Depths:5
Abyss: Depths:2 Depths:4 Depths:5
Pandemonium: Depths:3
Ziggurat: Depths:1

Annotations:
D:8 enter
Shoals:2 exclusion: downstairs
Slime:5 scarf!
Depths:1 !pick up SHIELD!
Depths:5 STASH hell!
Zot:5 1 exclusion


Innate Abilities, Weirdness & Mutations

You cannot be hasted, slowed, berserked, paralysed or teleported.
You can dig through walls and to a lower floor.
Your four strong arms can wield two-handed weapons with a shield.
You have a pair of large antennae on your head. (SInv)
Armour fits poorly on your strangely shaped body.
Your body sometimes deteriorates upon taking damage.
Your magical capacity is low. (-10% MP)
Your system is resistant to poisons. (rPois)
You occasionally shout uncontrollably at your foes.
You expend magic power (3 MP) to strengthen your wands.


Message History

Something smites you!
* * * LOW HITPOINT WARNING * * *
A starcursed mass splits.
The wight closely misses you. The ufetubus completely misses you.
The ufetubus closely misses you.
The draconian hits you from afar with a +0 trident!
* * * LOW HITPOINT WARNING * * *
The quicksilver dragon closely misses you.
The quicksilver dragon claws you but does no damage.
Unknown command.
Unknown command.
Unknown command.
You feel better.
You feel less invigorated. You block the ufetubus's attack. x2
You block the wight's attack.
The insubstantial wisp blinks!
The quicksilver dragon bites you!
* * * LOW HITPOINT WARNING * * *
The quicksilver dragon claws you but does no damage.
The starcursed mass completely misses you.
A cacophony of accursed wailing tears at your sanity!
You die...

'## .##.5.#### {
#'#...##©.. φ#.{.##. {
.. #...## ##. { {
#...## ..## # ##XXX#
#h#. #L###
##5X5X###{...
##..4.##.xXXXX@#{###
#.....†.X5qhXD#5z..#
#.......XX45dq{zz..##
#.......XXXX5v{3#....#
##... ###*53[>.3...##.
########†#..#..##z..
#. .§##..#.......
......#..#....#
{#.#...#.#......


You could see 15 starcursed masses, 2 draconians, a quicksilver dragon, a
draconian, an orange demon, a large abomination, 2 smoke demons, a raiju, a
ynoxinul, a small abomination, an insubstantial wisp, 4 wights, 7 ufetubi and a
lurking horror.

Vanquished Creatures
  the Royal Jelly (Slime:5)
  Dissolution (Slime:1)
  An orb of fire (Depths:5)
  Mennas (Crypt:1)
  4 ancient liches
  A juggernaut (Depths:2)
  2 Killer Klowns
  Frederick (Vaults:3)
  2 caustic shrikes (Depths:3)
  Geryon (Hell)
  2 curse toes
  Saint Roka (Crypt:2)
  Nikola (Vaults:3)
  Jory (Vaults:2)
  A profane servitor (Abyss:2)
  10 golden dragons
  the Enchantress (Depths:1)
  7 bone dragons
  3 electric golems
  Rupert (Snake:1)
  Jorgrun (Orc:2)
  17 tentacled monstrosities
  7 liches
  The ghost of Zotwa the Champion of Chaos, an adept GnSk of Makhleb (Vaults:4)
  3 Orb Guardians (Zot:5)
  14 titans
  3 Executioners
  8 quicksilver dragons
  21 acid blobs
  2 krakens
  9 storm dragons
  8 sphinxes
  15 tentacled starspawn
  2 ancient champions (WizLab)
  14 death cobs
  7 tengu reavers
  9 draconian monks
  16 shadow dragons
  11 nagarajas
  3 revenants
  7 draconian scorchers
  19 azure jellies
  23 vault wardens
  18 frost giants
  6 draconian knights
  Aizul (Lair:2)
  5 iron dragons
  3 ghost moths
  2 cacodemons
  10 fire giants
  9 deep elf sorcerers
  7 balrugs
  4 curse skulls
  6 spriggan defenders
  7 draconian annihilators
  4 deep elf elementalists
  19 very ugly things
  3 draconian stormcallers
  3 ghouls
  4 draconian shifters
  2 caustic shrike skeletons (Depths:3)
  13 stone giants
  5 vampire knights
  16 ironheart preservers
  12 reapers
  6 entropy weavers
  7 green draconians
  37 large abominations
  15 deep elf annihilators
  A lorocyproca (Depths:5)
  12 deep elf demonologists
  10 yellow draconians
  8 white draconians
  The ghost of Ownusec the Spear-Bearer, a journeyman MfSk of Sif Muna (Lair:3)
  7 black draconians
  6 purple draconians
  4 red draconians
  14 ettins
  6 spark wasps
  8 merfolk javelineers
  Snorg (D:12)
  3 green deaths
  10 deep elf death magi
  10 eidola
  5 blizzard demons
  2 crystal guardians
  2 mummy priests
  A quicksilver dragon zombie (Crypt:3)
  12 fire dragons
  11 deep elf high priests
  10 death oozes
  4 merfolk impalers
  8 jiangshi
  18 great orbs of eyes
  17 yaktaur captains
  7 rakshasas
  9 hydras
  10 ice dragons
  40 vault guards
  5 spriggan air magi
  11 naga warriors
  A quicksilver dragon skeleton (Crypt:2)
  23 anacondas
  An alligator snapping turtle (Shoals:4)
  5 catoblepae
  6 merfolk avatars
  An anaconda (shapeshifter) (Depths:4)
  2 death knights
  7 merfolk aquamancers
  Erica (D:9)
  A satyr (shapeshifter) (Elf:1)
  13 ogre magi
  28 dancing weapons
  6 death yaks (Lair:6)
  17 hell hogs
  10 centaur warriors
  2 titan zombies (Crypt:3)
  27 two-headed ogres
  7 vampire magi
  7 deep troll earth magi
  9 thrashing horrors
  12 deep troll shamans
  8 orc high priests
  4 tengu warriors
  10 spriggan berserkers
  16 soul eaters
  7 naga sharpshooters
  2 shock serpents
  Sonja (Lair:4)
  18 sun demons
  2 storm dragon zombies (Crypt:1)
  A titan skeleton (Hell)
  9 shadow wraiths
  18 deep elf knights
  27 skeletal warriors
  A fire crab (shapeshifter) (Vaults:4)
  25 hell knights
  10 salamander mystics
  10 wretched stars
  2 spark wasp zombies (Depths:1)
  32 deep trolls
  A sixfirhy (Abyss:2)
  4 iron trolls
  3 unseen horrors
  A death drake (shapeshifter) (Vaults:1)
  7 glowing orange brains
  A sea snake (shapeshifter) (Vaults:4)
  5 spatial maelstroms
  13 sea snakes
  17 deep elf archers
  3 anaconda zombies
  9 naga ritualists
  8 flayed ghosts
  A golden dragon skeleton (Depths:1)
  4 wizards
  18 harpies
  23 ironbrand convokers
  27 necromancers
  4 shadow dragon zombies
  2 anaconda skeletons
  A kraken simulacrum (Shoals:4)
  24 phantasmal warriors
  2 lindwurms
  92 deep elf magi
  A wolf spider zombie (Crypt:1)
  49 ugly things
  19 orc knights
  7 shining eyes
  10 mana vipers
  An iron dragon zombie (Crypt:3)
  An orb spider (shapeshifter) (Abyss:3)
  3 orc sorcerers
  3 draconians (Abyss:3)
  4 wolf spiders
  2 stone giant zombies
  7 cyclopes
  29 salamanders
  2 iron dragon skeletons
  17 manticores
  7 fauns
  2 frost giant skeletons
  23 moths of wrath
  5 elephants (Lair:6)
  4 worldbinders
  2 dire elephant zombies (Crypt:3)
  3 rust devils
  41 black mambas
  5 apocalypse crabs
  3 ice statues
  13 merfolk sirens
  3 stone giant skeletons
  24 naga magi
  An elephant (shapeshifter) (Depths:3)
  2 shock serpent zombies (Crypt:3)
  19 smoke demons
  3 water nymphs
  A molten gargoyle (Depths:5)
  5 eyes of devastation
  3 orange demons
  16 vault sentinels
  A fire giant skeleton (Crypt:3)
  2 guardian serpents (shapeshifter) (Vaults:5)
  4 spiny frogs
  11 guardian serpents
  2 gargoyles
  2 centaur skeletons
  A hellion (Depths:5)
  2 torpor snails (shapeshifter)
  A rime drake (shapeshifter) (Vaults:1)
  A komodo dragon (shapeshifter) (Vaults:3)
  An efreet (Abyss:3)
  17 hellwings
  5 kobold demonologists
  2 dire elephant skeletons
  A spark wasp simulacrum (Depths:1)
  A golden dragon simulacrum (Crypt:2)
  53 yaktaurs
  8 freezing wraiths
  A death yak skeleton (Crypt:2)
  A harpy zombie (Hell)
  3 komodo dragons
  4 tengu conjurers
  13 trolls
  An ice devil (Depths:5)
  9 ancient zymes
  2 guardian mummies (Crypt:3)
  A merfolk (shapeshifter) (Depths:3)
  A silent spectre (Abyss:2)
  3 meliai (D:13)
  6 red devils
  18 polar bears
  5 jumping spiders
  A wolf spider simulacrum (Abyss:3)
  26 merfolk
  13 hornets
  2 queen bees (shapeshifter)
  A queen bee (D:13)
  6 hydra zombies (Hell)
  A hornet (shapeshifter) (Depths:5)
  A moth of wrath zombie (Zot:2)
  5 wind drakes
  33 raiju
  A hydra skeleton (Crypt:3)
  16 hippogriffs
  3 ice dragon zombies
  2 fire dragon zombies
  3 alligator zombies
  4 dream sheep (Shoals:1)
  2 hippogriffs (shapeshifter)
  8 blink frogs
  A blink frog (shapeshifter) (Vaults:3)
  113 slime creatures
  A fire giant simulacrum (Depths:1)
  A tarantella zombie (Crypt:2)
  An alligator skeleton (Hell)
  7 flying skulls
  2 human simulacra
  8 snapping turtles
  75 starcursed masses
  2 ettin zombies
  5 shadows
  12 ynoxinuls
  3 air elementals
  A fire dragon skeleton (Depths:1)
  6 redbacks
  2 tarantellas (Zot:1)
  6 vampires
  4 ettin skeletons
  5 spriggans
  3 fire elementals
  17 water elementals
  2 yaks (shapeshifter)
  An ushabti (Crypt:3)
  A tyrant leech zombie (Crypt:1)
  71 yaks
  12 wraiths
  2 fire bats (Depths:4)
  3 wyverns
  A basilisk (D:8)
  A hog (shapeshifter) (D:15)
  10 golden eyes
  12 neqoxecs
  4 hungry ghosts
  7 vampire mosquitoes
  A basilisk (shapeshifter) (Vaults:2)
  An emperor scorpion simulacrum (Hell)
  5 chaos spawn
  A catoblepas simulacrum (Hell)
  10 spatial vortices
  55 nagas
  Edmund (D:5)
  6 wargs
  4 insubstantial wisps (Lair:3)
  Duvessa (D:6)
  12 water moccasins
  15 hell hounds
  A spiny frog zombie (Crypt:3)
  6 two-headed ogre zombies
  3 acid dragons
  5 porcupines
  An eye of draining (shapeshifter) (Vaults:1)
  2 hornet zombies
  6 ice beasts
  7 eyes of draining
  5 sky beasts
  A black bear (shapeshifter) (Depths:3)
  A spiny frog skeleton (Crypt:1)
  4 black bears
  3 necrophages
  50 orc warriors
  3 phantoms
  10 boggarts
  27 ogres
  36 wolves
  15 centaurs
  11 crocodiles
  A big kobold (Abyss:3)
  2 elf simulacra
  The ghost of Xiguana the Conjurer, an amateur VSCj (D:3)
  A hippogriff skeleton (Crypt:1)
  9 bullfrogs
  2 earth elementals (Elf:3)
  An elf skeleton (Crypt:2)
  A water moccasin zombie (Crypt:2)
  Dowan (D:6)
  4 scorpions
  11 wyvern skeletons
  6 troll zombies (WizLab)
  19 killer bees
  A spriggan skeleton (Crypt:2)
  29 wights
  A howler monkey (D:14)
  2 electric eels
  A yak skeleton (Crypt:2)
  8 crimson imps
  4 bullfrog zombies
  6 quasits
  2 centaur zombies
  9 hounds
  A bullfrog skeleton (D:11)
  37 orc priests
  7 jellies
  5 iron imps
  A human skeleton (Crypt:3)
  6 iguanas
  30 orc wizards
  11 worker ants
  Natasha (thrice) (D:1)
  9 hell rats
  31 small abominations
  A dwarf zombie (Crypt:1)
  2 tengu zombies
  6 ogre zombies (WizLab)
  A tengu skeleton (Crypt:2)
  A hound skeleton (D:5)
  3 worker ant zombies
  8 gnolls
  16 adders
  A scorpion zombie (Crypt:1)
  3 shadow imps
  16 white imps
  7 ufetubi
  6 oozes
  2 adder skeletons
  An adder zombie (Crypt:2)
  A halfling skeleton (Crypt:2)
  3 dart slugs
  A leopard gecko (D:7)
  103 orcs
  10 bats
  8 giant cockroaches
  7 goblins
  9 hobgoblins
  3 jackals (D:2)
  5 quokkas
  5 frilled lizards (D:1)
  A frilled lizard zombie (Crypt:2)
  8 kobolds
  A leopard gecko skeleton (D:5)
  A quokka skeleton (D:7)
  9 rats
  A crawling corpse (Elf:3)
  A lurking horror (Abyss:3)
  2 plants
  10 starspawn tentacles
  8 tentacles
  A withered plant (Crypt:3)
3316 creatures vanquished.

Vanquished Creatures (collateral kills)
  A shadow dragon (Depths:5)
  A green draconian (Depths:5)
  A white draconian (Depths:5)
  A moth of wrath (Zot:1)
  2 jumping spiders (Zot:1)
6 creatures vanquished.

Vanquished Creatures (others)
  An Executioner (Abyss:2)
  A fire giant (Depths:1)
  A draconian annihilator (Zot:3)
  A black draconian (Zot:3)
  2 stone giants
  Nessos (D:13)
  A merfolk impaler (Shoals:4)
  3 yaktaur captains
  A merfolk aquamancer (Shoals:4)
  A centaur warrior (Depths:3)
  A hell hog (Abyss:3)
  A satyr (Shoals:4)
  A naga sharpshooter (Snake:4)
  A shadow wraith (Vaults:4)
  A sea snake (Shoals:4)
  2 deep elf archers
  3 ugly things
  2 cyclopes
  A faun (Shoals:1)
  A salamander (Snake:1)
  A vault sentinel (Vaults:3)
  13 yaktaurs
  A blink frog (Abyss:2)
  A basilisk (shapeshifter) (Depths:3)
  A fire bat (Depths:4)
  A black bear (shapeshifter) (Vaults:5)
  A boggart (Depths:3)
  2 centaurs (Vaults:2)
  4 ogres
  A hell rat (Hell)
  2 white imps
  2 orcs (Vaults:5)
  A kobold (Abyss:3)
  2 fire vortices (Abyss:2)
  5 fungi
  2 lurking horrors
  38 plants
  41 starspawn tentacles
  24 tentacles
  5 withered plants (Crypt:3)
175 creatures vanquished.

Grand Total: 3497 creatures vanquished

Notes
Turn   | Place    | Note
-------+----------+-------------------------------------------
     0 | D:1      | Masnef the Formicid Fighter began the quest for the Orb.
     0 | D:1      | Reached XP level 1. HP: 18/18 MP: 1/1
   104 | D:1      | Reached XP level 2. HP: 13/24 MP: 2/2
   440 | D:1      | Reached XP level 3. HP: 28/29 MP: 3/3
   977 | D:2      | Noticed Natasha
  1013 | D:1      | Reached XP level 4. HP: 21/35 MP: 4/4
  1014 | D:1      | Killed Natasha
  1116 | D:1      | Noticed Natasha
  1127 | D:1      | Killed Natasha
  1127 | D:1      | Reached XP level 5. HP: 6/41 MP: 5/5
  1428 | D:1      | Noticed Natasha
  1432 | D:1      | Killed Natasha
  1432 | D:1      | Reached skill level 5 in Axes
  1847 | D:3      | Found a shattered altar of Ashenzari.
  1967 | D:3      | Found an iron altar of Okawaru.
  1977 | D:3      | Became a worshipper of Warmaster Okawaru
  2304 | D:3      | Found a transporter.
  2307 | D:3      | Noticed Xiguana's ghost (amateur VSCj)
  2310 | D:3      | Identified the +5 dire flail "Birru" {protect, +Blink rC+
                  | Dex+2}
  2310 | D:3      | Noticed an ogre
  2311 | D:3      | Found a transporter.
  2548 | D:4      | Reached XP level 6. HP: 17/47 MP: 6/6
  2925 | D:4      | Reached * piety under Okawaru
  2998 | D:4      | Reached XP level 7. HP: 18/52 MP: 7/7
  3038 | D:4      | Found a glowing drain.
  3042 | Sewer    | Entered a sewer
  3237 | Sewer    | Got an ichor-stained leather armour
  3761 | D:5      | Entered Level 5 of the Dungeon
  3879 | D:5      | Identified the +2 leather armour of Xeilym {rC+ Str+5} (You
                  | found it in a sewer)
  4066 | D:5      | Noticed Edmund
  4082 | D:5      | Killed Edmund
  4082 | D:5      | Reached skill level 1 in Dodging
  4082 | D:5      | Reached skill level 5 in Shields
  4242 | D:5      | Reached XP level 8. HP: 46/60 MP: 8/8
  4392 | D:5      | Found a staircase to the Ecumenical Temple.
  4671 | D:6      | Reached ** piety under Okawaru
  4805 | D:6      | Noticed Duvessa
  4806 | D:6      | Noticed Dowan
  4828 | D:6      | Killed Duvessa
  4844 | D:6      | Killed Dowan
  5018 | D:6      | Found a snail-covered altar of Cheibriados.
  5327 | D:6      | Reached XP level 9. HP: 32/67 MP: 9/9
  5676 | D:3      | Killed Xiguana's ghost
  5676 | D:3      | Reached skill level 5 in Fighting
  5877 | D:6      | Reached skill level 5 in Armour
  6305 | D:7      | Reached skill level 1 in Maces & Flails
  6334 | D:7      | Reached *** piety under Okawaru
  6638 | D:7      | Noticed a hippogriff
  6645 | D:7      | Killed a hippogriff
  7150 | D:7      | Noticed a hippogriff
  7157 | D:7      | Killed a hippogriff
  7313 | D:7      | Reached skill level 1 in Spellcasting
  7313 | D:7      | Reached XP level 10. HP: 47/76 MP: 11/11
  7927 | D:8      | Noticed a two-headed ogre
  7937 | D:8      | Killed a two-headed ogre
  7937 | D:8      | Reached **** piety under Okawaru
  7937 | D:8      | Reached skill level 5 in Maces & Flails
  7953 | D:8      | Received a gift from Okawaru
  8289 | D:8      | Found a staircase to the Lair.
  8427 | D:8      | Got a slimy leather armour
  8428 | D:8      | Identified the +2 leather armour of the Valley {*Corrode
                  | +Blink MR+++ Str-4} (You found it on level 8 of the
                  | Dungeon)
  8645 | D:8      | Found a viscous altar of Jiyva.
  8997 | D:8      | Reached ***** piety under Okawaru
  9217 | D:9      | Reached XP level 11. HP: 75/82 MP: 14/16
  9450 | D:9      | Noticed a two-headed ogre
  9469 | D:9      | Killed a two-headed ogre
  9911 | D:9      | Received a gift from Okawaru
 10330 | D:9      | Noticed Erica
 10336 | D:9      | Killed Erica
 10626 | D:10     | Entered Level 10 of the Dungeon
 10739 | D:10     | You fall into a shaft and drop 2 floors!
 10787 | D:12     | Found a frozen archway.
 10819 | IceCv    | Entered an ice cave
 10955 | IceCv    | Reached XP level 12. HP: 72/93 MP: 15/18
 11178 | IceCv    | Reached skill level 10 in Maces & Flails
 11716 | IceCv    | Reached ****** piety under Okawaru
 12065 | IceCv    | Noticed a frost giant
 12089 | IceCv    | Killed a frost giant
 12089 | IceCv    | Received a gift from Okawaru
 12089 | IceCv    | Reached skill level 5 in Dodging
 12166 | IceCv    | Reached XP level 13. HP: 74/103 MP: 19/19
 12308 | IceCv    | Got a thick robe
 12499 | D:12     | Reached skill level 10 in Fighting
 12994 | D:11     | Identified a scroll of acquirement
 12995 | D:11     | Got a fine granite ring
 12997 | D:11     | Identified the ring "Quppaolu" {EV+3 Int+4} (You acquired
                  | it on level 11 of the Dungeon)
 13309 | D:11     | Received a gift from Okawaru
 13509 | D:11     | Reached skill level 5 in Spellcasting
 14250 | D:12     | Found a staircase to the Orcish Mines.
 14357 | D:12     | Received a gift from Okawaru
 14645 | D:12     | Noticed Snorg
 14657 | D:12     | Killed Snorg
 14843 | Orc:1    | Entered Level 1 of the Orcish Mines
 15191 | Orc:2    | Entered Level 2 of the Orcish Mines
 15747 | Orc:2    | Found Udoimetz's Gadget Shop.
 15747 | Orc:2    | Found Xoblio's Weapon Boutique.
 15748 | Orc:2    | Found Qoleh's Armour Boutique.
 15752 | Orc:2    | Found Cezi's Weapon Shop.
 15884 | Orc:2    | Noticed Jorgrun
 15909 | Orc:2    | Killed Jorgrun
 15909 | Orc:2    | Received a gift from Okawaru
 15909 | Orc:2    | Reached skill level 10 in Armour
 15909 | Orc:2    | Reached skill level 1 in Invocations
 16355 | Orc:2    | Reached XP level 14. HP: 100/113 MP: 22/22
 16566 | Orc:2    | Received a gift from Okawaru
 16578 | Orc:2    | Identified the +4 robe of Satisfaction {Str-2 Int+2 Dex+4}
                  | (You found it in an ice cave)
 17316 | Orc:2    | Found a staircase to the Elven Halls.
 17622 | Lair:1   | Entered Level 1 of the Lair of Beasts
 18447 | Lair:2   | Found a staircase to the Snake Pit.
 18671 | Lair:2   | Learned a level 3 spell: Lesser Beckoning
 19081 | Lair:2   | Found a shimmering blue altar of Sif Muna.
 19404 | Lair:3   | Received a gift from Okawaru
 19413 | Lair:3   | Got a fine shield {god gift}
 19419 | Lair:3   | Identified the +6 shield "Dahihelo" {-Cast rElec rN+++
                  | Slay+5} (Okawaru gifted it to you on level 3 of the Lair of
                  | Beasts)
 19620 | Lair:3   | Found a runed translucent gate.
 19620 | Lair:3   | Found a runed translucent gate.
 19621 | Lair:3   | Found a runed translucent gate.
 19622 | Lair:3   | Noticed Ownusec's ghost (journeyman MfSk)
 19640 | Lair:3   | Killed Ownusec's ghost
 19757 | Lair:3   | Found a staircase to the Shoals.
 20445 | Lair:4   | Identified the cursed +2 dagger of True Grit {pierce, rElec
                  | Dex+4} (You found it on level 4 of the Lair of Beasts)
 20821 | Lair:4   | Noticed Sonja
 20837 | Lair:4   | Killed Sonja
 21135 | Lair:5   | Identified the +1 robe "Fyllas" {*Slow rElec rC- Int+8}
                  | (You found it on level 5 of the Lair of Beasts)
 21307 | Lair:5   | Found a staircase to the Slime Pits.
 21932 | Lair:6   | Entered Level 6 of the Lair of Beasts
 21987 | Lair:6   | Reached XP level 15. HP: 115/122 MP: 24/24
 22132 | Lair:6   | Received a gift from Okawaru
 22360 | Lair:6   | Reached skill level 5 in Invocations
 22663 | Lair:6   | Got a spiked leather armour
 22664 | Lair:6   | Identified the +1 leather armour of Joskaam {MR+} (You
                  | found it on level 6 of the Lair of Beasts)
 22896 | Lair:6   | Received a gift from Okawaru
 22912 | Lair:6   | Got a steaming chain mail {god gift}
 22934 | Lair:6   | Identified the +1 chain mail of Alopass {rF- Dex+5}
                  | (Okawaru gifted it to you on level 6 of the Lair of Beasts)
 23865 | D:13     | Noticed Nessos
 23880 | D:13     | Killed Nessos
 24393 | D:13     | You fall into a shaft and drop 1 floor!
 25064 | D:13     | Found a white marble altar of Elyvilon.
 25207 | D:13     | Received a gift from Okawaru
 25212 | D:13     | Got a twisted chain mail {god gift}
 25227 | D:13     | Identified the +3 chain mail "Qismunny" {+Blink rC+ Dex+4}
                  | (Okawaru gifted it to you on level 13 of the Dungeon)
 25719 | D:13     | Found a gate to the Vaults.
 25930 | D:14     | Reached XP level 16. HP: 106/134 MP: 25/25
 26021 | D:14     | Identified the Guide on Gliding Necromancy
 26514 | D:15     | Entered Level 15 of the Dungeon
 26521 | D:15     | Reached skill level 15 in Fighting
 26947 | D:15     | Found a staircase to the Depths.
 27509 | Snake:1  | Entered Level 1 of the Snake Pit
 27533 | Snake:1  | Noticed Aizul
 27556 | Lair:2   | Killed Aizul
 28236 | Snake:1  | Noticed Rupert
 28260 | Snake:1  | Killed Rupert
 28260 | Snake:1  | Received a gift from Okawaru
 28936 | Snake:2  | Received a gift from Okawaru
 28942 | Snake:2  | Identified the +1 robe "Paptoew" {Dex+3} (Okawaru gifted it
                  | to you on level 2 of the Snake Pit)
 29311 | Snake:2  | Learned a level 6 spell: Iron Shot
 29546 | Snake:2  | Reached XP level 17. HP: 125/144 MP: 26/26
 29682 | Snake:2  | Reached skill level 1 in Earth Magic
 30328 | Snake:3  | Reached skill level 10 in Dodging
 30363 | Snake:3  | Reached skill level 10 in Shields
 30743 | Snake:3  | Received a gift from Okawaru
 31106 | Snake:3  | Got a steaming amber ring
 31416 | Snake:3  | Identified the ring of the Past {*Contam rPois Str+8 SInv}
                  | (You found it on level 3 of the Snake Pit)
 31656 | Snake:4  | Entered Level 4 of the Snake Pit
 32088 | Snake:4  | Found a snail-covered altar of Cheibriados.
 32109 | Snake:4  | Received a gift from Okawaru
 32756 | Snake:4  | Reached XP level 18. HP: 154/154 MP: 27/27
 32833 | Snake:4  | Learned a level 1 spell: Confusing Touch
 33129 | Snake:4  | Received a gift from Okawaru
 33129 | Snake:4  | Reached skill level 1 in Hexes
 33139 | Snake:4  | Got an ancient scale mail {god gift}
 33161 | Snake:3  | Identified the +5 scale mail of Ethics {Dex+3 Slay+3}
                  | (Okawaru gifted it to you on level 4 of the Snake Pit)
 34084 | Snake:4  | Reached skill level 10 in Invocations
 34274 | Snake:4  | Got a serpentine rune of Zot
 34580 | Shoals:1 | Entered Level 1 of the Shoals
 34621 | Shoals:1 | Received a gift from Okawaru
 34629 | Shoals:1 | Reached XP level 19. HP: 86/163 MP: 21/28
 34637 | Shoals:1 | Got an ichor-stained shield {god gift}
 34648 | Shoals:1 | Identified the +1 shield of Death's Door {rF- rC+++ MP+9
                  | Str-5} (Okawaru gifted it to you on level 1 of the Shoals)
 35145 | Shoals:1 | Identified the +8 quarterstaff of the Silent Majority
                  | {antimagic, rF++ Stlth-} (You found it on level 1 of the
                  | Shoals)
 36533 | Shoals:2 | Found Picsyner's Gadget Shop.
 37524 | Shoals:3 | Reached skill level 1 in Evocations
 37635 | Shoals:3 | Received a gift from Okawaru
 38079 | Shoals:4 | Entered Level 4 of the Shoals
 38582 | Shoals:4 | HP: 7/167 [merfolk javelineer/silver javelin (2)]
 38603 | Shoals:4 | HP: 3/167 [merfolk javelineer/silver javelin (9)]
 38603 | Shoals:4 | HP: 1/167 [merfolk javelineer/silver javelin (2)]
 39054 | Shoals:4 | Reached skill level 15 in Armour
 39500 | Shoals:4 | Received a gift from Okawaru
 39853 | Shoals:4 | Reached XP level 20. HP: 168/174 MP: 27/30
 40176 | Shoals:4 | Got a barnacled rune of Zot
 40239 | Shoals:4 | Identified the +2 mace "Peddiyro" {speed, rElec rPois rC+
                  | Str+4} (You found it on level 4 of the Shoals)
 40400 | Shoals:4 | Found a snail-covered altar of Cheibriados.
 40931 | Vaults:1 | Entered Level 1 of the Vaults
 41171 | Vaults:1 | Found a flickering gateway to a bazaar.
 41194 | Bazaar   | Entered a bazaar
 41194 | Bazaar   | Found Minnin's Weapon Emporium.
 41194 | Bazaar   | Found Zona's Weapon Emporium.
 41195 | Bazaar   | Found Penuth's Antique Armour Shoppe.
 41195 | Bazaar   | Found Qucicvoeby's Antique Weapon Shoppe.
 41211 | Bazaar   | Bought an ichor-stained scale mail for 135 gold pieces
 41221 | Bazaar   | Identified the +4 scale mail of Akhlit {rPois MR+++ Str+3
                  | Int-4} (You bought it in a shop in a bazaar)
 41822 | Vaults:2 | Found Xesau's Jewellery Emporium.
 42003 | Vaults:2 | Noticed Jory
 42026 | Vaults:2 | Killed Jory
 42052 | Vaults:2 | Found a magical portal.
 42074 | WizLab   | Entered Zonguldrok's Shrine
 42366 | WizLab   | Received a gift from Okawaru
 42373 | WizLab   | Got a scorched flail {god gift}
 42374 | WizLab   | Identified the +5 flail of Gucoinergh {venom, rF+} (Okawaru
                  | gifted it to you in a wizard's laboratory)
 42689 | WizLab   | Noticed an antique lich
 42699 | WizLab   | Killed an antique lich
 42727 | WizLab   | Found the +9 sword of Zonguldrok {reap}
 43026 | Vaults:1 | Reached skill level 5 in Evocations
 43213 | Vaults:1 | Received a gift from Okawaru
 43243 | Vaults:1 | Reached XP level 21. HP: 167/183 MP: 31/33
 43726 | Vaults:1 | Received a gift from Okawaru
 44281 | Vaults:1 | Received a gift from Okawaru
 44464 | Vaults:2 | Reached skill level 15 in Maces & Flails
 45011 | Vaults:2 | Received a gift from Okawaru
 45350 | Vaults:2 | Found a staircase to the Crypt.
 45595 | Vaults:2 | Reached XP level 22. HP: 184/192 MP: 33/35
 46027 | Vaults:3 | Noticed Nikola
 46319 | Vaults:3 | Killed Nikola
 46390 | Vaults:3 | Received a gift from Okawaru
 46495 | Vaults:3 | Noticed Frederick
 46658 | Vaults:3 | Killed Frederick
 47300 | Vaults:3 | Found Utrocs's Magic Scroll Shoppe.
 47321 | Vaults:3 | Bought a scroll of summoning for 180 gold pieces
 47713 | Vaults:3 | Found Mapp's General Store.
 47721 | Vaults:3 | Bought a scroll of magic mapping for 80 gold pieces
 47721 | Vaults:3 | Bought a potion of ambrosia for 184 gold pieces
 47953 | Vaults:3 | Found Naetio's Magic Scroll Boutique.
 47967 | Vaults:3 | Bought a scroll of fear for 42 gold pieces
 47967 | Vaults:3 | Bought a scroll of fear for 42 gold pieces
 48188 | Vaults:4 | Received a gift from Okawaru
 48681 | Vaults:4 | Reached XP level 23. HP: 88/202 MP: 15/36
 49461 | Vaults:4 | Found a runed translucent door.
 49461 | Vaults:4 | Found a shimmering altar of Xom.
 49461 | Vaults:4 | Noticed Zotwa's ghost (adept GnSk)
 49490 | Vaults:4 | Killed Zotwa's ghost
 49493 | Vaults:4 | Identified the Compendium of Kismet
 50452 | Elf:1    | Entered Level 1 of the Elven Halls
 50458 | Elf:1    | Received a gift from Okawaru
 51120 | Elf:1    | Reached skill level 5 in Earth Magic
 51132 | Elf:1    | Reached skill level 1 in Conjurations
 51595 | Elf:1    | Found a shimmering blue altar of Sif Muna.
 51596 | Elf:1    | Identified the amulet "Hereruot" {RegenMP Dex+3}
 52267 | Elf:1    | Found Lulutosi's Magic Scroll Boutique.
 52275 | Elf:1    | Bought a scroll of enchant armour for 112 gold pieces
 52275 | Elf:1    | Bought a scroll of summoning for 142 gold pieces
 52275 | Elf:1    | Bought a scroll of fog for 30 gold pieces
 52790 | Elf:2    | Reached skill level 1 in Throwing
 52806 | Elf:2    | Received a gift from Okawaru
 53100 | Elf:2    | Found a huge runed translucent gate.
 53102 | Elf:2    | Found a huge runed translucent gate.
 53102 | Elf:2    | Found a huge runed translucent gate.
 53103 | Elf:2    | Found a huge runed translucent gate.
 53103 | Elf:2    | Found a huge runed translucent gate.
 53432 | Elf:2    | Reached XP level 24. HP: 206/212 MP: 36/36
 53508 | Elf:2    | Received a gift from Okawaru
 53532 | Elf:2    | Identified a +2 pair of boots of running (Okawaru gifted it
                  | to you on level 2 of the Elven Halls)
 53661 | Elf:3    | Entered Level 3 of the Elven Halls
 53792 | Elf:3    | Found Jonoc's Gadget Shoppe.
 54046 | Elf:3    | Reached skill level 10 in Evocations
 54690 | Elf:3    | Identified the +5 leather armour of Lyrhun {Int-4 Dex+7}
 54700 | Elf:3    | Identified the cursed +0 plate armour of the Unseen Realm
                  | {*Corrode Str+5 Dex+2}
 54700 | Elf:3    | Identified the ring of Zuzygio {rPois Int+2 SInv Stlth+}
 54703 | Elf:3    | Identified the amulet of Guillich {Acrobat rElec MR+ Dex-3
                  | Stlth+}
 55745 | Elf:3    | Received a gift from Okawaru
 55754 | Elf:3    | Identified Sif Muna's Handbook of Blistering Envenoming
 55764 | Elf:3    | Identified the +5 chain mail of Patterns {-Cast Regen+
                  | Dex+6} (You found it on level 3 of the Elven Halls)
 55843 | Elf:3    | Cast into level 2 of the Abyss (a deep elf sorcerer)
 55872 | Abyss:2  | Found a corrupted altar of Lugonu.
 56317 | Elf:3    | Escaped the Abyss
 57312 | Depths:1 | Entered Level 1 of the Depths
 57377 | Depths:1 | Found a gateway to Hell.
 57472 | Depths:1 | Found Ribo Dacs's Jewellery Shop.
 57474 | Depths:1 | Found Lischeuwa's Antique Armour Shop.
 57474 | Depths:1 | Found Lontid's Weapon Shop.
 57476 | Depths:1 | Found Cuopunoh's Book Shop.
 57487 | Depths:1 | Noticed the Enchantress
 57562 | Depths:1 | Killed the Enchantress
 57698 | Depths:1 | You fall into a shaft and drop 1 floor!
 57718 | Depths:2 | Reached XP level 25. HP: 221/221 MP: 36/36
 57841 | Depths:2 | Noticed a juggernaut
 57854 | Depths:2 | Killed a juggernaut
 57962 | Depths:2 | Reached skill level 5 in Throwing
 58299 | Depths:1 | Found a gateway to a ziggurat.
 58638 | Depths:1 | You fall into a shaft and drop 1 floor!
 58786 | Depths:1 | Received a gift from Okawaru
 59445 | Depths:2 | Got a crude large shield
 59456 | Depths:2 | Identified the +0 large shield "Itasont" {rElec Int+6
                  | Dex+2} (You acquired it on level 2 of the Depths)
 59519 | Depths:2 | Learned a level 4 spell: Leda's Liquefaction
 59525 | Depths:2 | Learned a level 5 spell: Borgnjor's Vile Clutch
 59574 | Depths:2 | Found a one-way gate to the infinite horrors of the Abyss.
 59580 | Depths:2 | Identified the +3 bardiche of Spite {flame, +Blink rC++
                  | MP+9} (You found it on level 2 of the Depths)
 59828 | Depths:3 | Reached skill level 1 in Necromancy
 60833 | Depths:3 | Found a one-way gate leading to the halls of Pandemonium.
 60861 | Depths:3 | Noticed a caustic shrike
 60872 | Depths:3 | Killed a caustic shrike
 61039 | Depths:3 | Received a gift from Okawaru
 61062 | Depths:3 | Reached XP level 26. HP: 222/230 MP: 34/36
 61354 | Depths:3 | Identified the Papyrus of Burning Companions
 61411 | Depths:3 | Reached skill level 15 in Dodging
 61585 | Depths:3 | Reached skill level 10 in Earth Magic
 61634 | Depths:3 | Identified the +4 whip "Tirph" {slash, rN+ Str-3 Dex+5}
                  | (You found it on level 3 of the Depths)
 61639 | Depths:3 | Identified the ring of Ikass {rElec MR+ MP+9 Slay-6} (You
                  | found it on level 3 of the Depths)
 62561 | Depths:4 | Received a gift from Okawaru
 62602 | Depths:4 | Reached skill level 15 in Shields
 62648 | Depths:4 | Reached skill level 10 in Spellcasting
 63031 | Depths:4 | Found Mafager's Jewellery Shop.
 63358 | Depths:4 | Found Wulaz's Antique Armour Emporium.
 63446 | Depths:4 | Found Coosoiwk's Armour Boutique.
 63446 | Depths:4 | Found Fainasom's General Store.
 63716 | Depths:5 | Entered Level 5 of the Depths
 63927 | Depths:5 | Reached skill level 5 in Necromancy
 64195 | Depths:5 | Reached XP level 27. HP: 233/240 MP: 37/37
 64526 | Depths:5 | Received a gift from Okawaru
 65335 | Depths:5 | Found a gate to the Realm of Zot.
 65504 | Depths:5 | Identified the cursed +0 chain mail "Ikhlu" {-Cast rF+
                  | Str-2 Int+4} (You found it on level 5 of the Depths)
 65648 | Depths:5 | Learned a level 9 spell: Shatter
 65725 | Depths:1 | Learned a level 4 spell: Passage of Golubria
 65819 | Depths:4 | Bought dazzling pearl dragon scales for 3001 gold pieces
 65819 | Depths:4 | Identified the +3 pearl dragon scales of Twilight {rF+ rN+
                  | Str+8 Dex-5 SInv} (You bought it in a shop on level 4 of
                  | the Depths)
 65965 | Depths:4 | Learned a level 5 spell: Dispel Undead
 66240 | Crypt:1  | Entered Level 1 of the Crypt
 67035 | Crypt:1  | Noticed Mennas
 67097 | Crypt:1  | Killed Mennas
 67713 | Crypt:2  | Noticed Saint Roka
 68006 | Crypt:2  | Killed Saint Roka
 68135 | Crypt:2  | Received a gift from Okawaru
 68275 | Crypt:3  | Entered Level 3 of the Crypt
 68641 | Crypt:3  | Reached skill level 5 in Conjurations
 68775 | Crypt:3  | Found an ancient bone altar of Kikubaaqudgha.
 69070 | Crypt:3  | Noticed an ancient lich
 69083 | Crypt:3  | Killed an ancient lich
 69164 | Crypt:3  | Identified the Tome of Necromancy
 70119 | Crypt:3  | Found a staircase to the Tomb.
 71018 | Slime:1  | Entered Level 1 of the Pits of Slime
 71066 | Slime:1  | Received a gift from Okawaru
 71143 | Slime:1  | Found a viscous altar of Jiyva.
 71357 | Slime:2  | Noticed Dissolution
 71364 | Slime:1  | Killed Dissolution
 71364 | Slime:1  | Reached skill level 27 in Fighting
 71487 | Slime:2  | Reached skill level 1 in Translocations
 71628 | Slime:1  | Received a gift from Okawaru
 71635 | Slime:1  | Identified the +0 great mace "Quaczug" {flame, rElec rPois
                  | Str+4 Int-5} (Okawaru gifted it to you on level 1 of the
                  | Pits of Slime)
 72455 | Slime:3  | Gained mutation: Scrolls take you a little longer to read.
                  | [a shining eye]
 73207 | Slime:3  | Received a gift from Okawaru
 73340 | Slime:5  | Entered Level 5 of the Pits of Slime
 73374 | Slime:5  | Reached skill level 15 in Earth Magic
 73385 | Slime:5  | Received a gift from Okawaru
 73852 | Slime:4  | Gained mutation: You have sharp toenails. [a shining eye]
 73856 | Slime:4  | Gained mutation: Your magical capacity is low. (-10% MP) [a
                  | shining eye]
 73860 | Slime:4  | Gained mutation: You are dopey. (Int -2) [a shining eye]
 74079 | Slime:5  | Noticed the Royal Jelly
 74540 | Slime:5  | Killed the Royal Jelly
 75400 | Slime:5  | Got a slimy rune of Zot
 75404 | Slime:5  | Identified the +10 morningstar of Abuse {freeze, Int+7
                  | SInv} (You found it on level 5 of the Pits of Slime)
 75433 | Slime:5  | Identified the +4 ring mail of Quantum Leap {*Corrode rPois
                  | Stlth+} (You found it on level 5 of the Pits of Slime)
 75453 | Slime:5  | Identified the +9 spear of Dishonour {pierce, *Noise rElec
                  | Str+5} (You found it on level 5 of the Pits of Slime)
 75456 | Slime:5  | Identified the ring of Trepidation {+Fly rPois Slay+2} (You
                  | found it on level 5 of the Pits of Slime)
 75714 | Slime:5  | Lost mutation: Scrolls take you a little longer to read.
                  | [potion of mutation]
 75714 | Slime:5  | Lost mutation: You are dopey. (Int -2) [potion of mutation]
 75714 | Slime:5  | Lost mutation: You have sharp toenails. [potion of
                  | mutation]
 75714 | Slime:5  | Gained mutation: Your system is resistant to poisons.
                  | (rPois) [potion of mutation]
 75714 | Slime:5  | Gained mutation: You expend magic power (3 MP) to
                  | strengthen your wands. [potion of mutation]
 76195 | Depths:4 | Bought a scarf of resistance for 768 gold pieces
 76666 | Vaults:5 | Entered Level 5 of the Vaults
 76670 | Vaults:5 | Reached skill level 1 in Stealth
 76678 | Vaults:5 | Received a gift from Okawaru
 77848 | Vaults:4 | Reached skill level 5 in Stealth
 78038 | Vaults:5 | Identified the +8 plate armour of the Several Mice {-Cast
                  | MR- rCorr Stlth+}
 78769 | Vaults:5 | Identified the cursed +0 plate armour of the Slug {rElec
                  | rCorr Stlth+}
 78843 | Vaults:5 | Found the +0 Maxwell's etheric cage {RegenMP+ *Contam rElec
                  | MP+4}
 78965 | Vaults:5 | Received a gift from Okawaru
 79264 | Vaults:5 | Identified the +4 quarterstaff "Backscratcher" {flame,
                  | rElec Stlth+}
 79283 | Vaults:5 | Received a gift from Okawaru
 79429 | Vaults:5 | Identified the +2 robe of the Lost Stories {MR+ Dex+2}
 79635 | Vaults:5 | Identified the +9 long sword of Gagiban {speed, rElec rN+
                  | Int+3}
 79635 | Vaults:5 | Identified the ring of Zoakepn {rC+ EV+4 Str+3 Slay+3}
 79690 | Vaults:5 | Identified Doeha's Collected Works on Creative Good Luck
 79872 | Vaults:5 | Got a silver rune of Zot
 80643 | Vaults:5 | Got an emerald-encrusted chain mail {god gift}
 80654 | Vaults:5 | Identified the +0 chain mail of Misanthropy {*Slow MR+
                  | Dex+4 SInv} (Okawaru gifted it to you on level 5 of the
                  | Vaults)
 80675 | Vaults:5 | Got a pair of jewelled gloves {god gift}
 80681 | Vaults:5 | Identified the +0 pair of gloves "Hedot" {MP+9 Stlth+}
                  | (Okawaru gifted it to you on level 5 of the Vaults)
 81041 | Zot:1    | Entered Level 1 of the Realm of Zot
 81729 | Zot:1    | Noticed an orb of fire
 82102 | Hell     | Entered the Vestibule of Hell
 82102 | Hell     | Noticed Geryon
 84487 | Depths:5 | Reached skill level 10 in Stealth
 87085 | Hell     | Killed Geryon
 87099 | Hell     | Received a gift from Okawaru
 87145 | Hell     | Found a gateway to the decaying netherworld of Tartarus.
 87168 | Hell     | Received a gift from Okawaru
 87406 | Hell     | Received a gift from Okawaru
 87770 | Hell     | Found a gateway to the Iron City of Dis.
 88021 | Hell     | Found a gateway to the freezing wastes of Cocytus.
 88159 | Hell     | Found a gateway to the ashen valley of Gehenna.
 88271 | Hell     | Learned a level 6 spell: Statue Form
 88364 | Depths:5 | Killed an orb of fire
 88364 | Depths:5 | Received a gift from Okawaru
 91978 | Zot:2    | Noticed an ancient lich
 92349 | Zot:2    | Killed an ancient lich
 92462 | Zot:2    | Noticed an ancient lich
 92469 | Zot:2    | Killed an ancient lich
 92469 | Zot:2    | Received a gift from Okawaru
 92639 | Zot:2    | Received a gift from Okawaru
 93145 | Zot:2    | Noticed a Killer Klown
 93157 | Zot:2    | a Killer Klown changed into a titan
 93508 | Zot:2    | Received a gift from Okawaru
 94415 | Zot:3    | Noticed a Killer Klown
 94425 | Zot:3    | Killed a Killer Klown
 95839 | Zot:4    | Noticed a Killer Klown
 95977 | Zot:4    | Killed a Killer Klown
 96095 | Zot:4    | Received a gift from Okawaru
 96105 | Zot:4    | Reached skill level 15 in Spellcasting
 96656 | Zot:4    | Identified the +5 crystal plate armour of Lamnisue {rPois
                  | rN+ Int+4 Dex-4} (Okawaru gifted it to you on level 4 of
                  | the Realm of Zot)
 97080 | Zot:5    | Entered Level 5 of the Realm of Zot
 98500 | Depths:5 | Voluntarily entered the Abyss.
 98500 | Abyss:1  | Found a corrupted altar of Lugonu.
 98507 | Abyss:1  | Got an encrusted ring mail
 98564 | Abyss:1  | Received a gift from Okawaru
 98570 | Abyss:1  | Identified the +2 ring mail of Vofie {rCorr Dex+4} (You
                  | found it on level 1 of the Abyss)
 98644 | Abyss:1  | Found a hide-covered altar of Uskayaw.
 98733 | Abyss:2  | Found a corrupted altar of Lugonu.
 99062 | Abyss:2  | Received a gift from Okawaru
 99250 | Abyss:2  | Received a gift from Okawaru
 99443 | Abyss:2  | Gained mutation: Armour fits poorly on your strangely
                  | shaped body. [a neqoxec]
 99590 | Abyss:2  | Reached skill level 10 in Throwing
 99967 | Abyss:2  | Received a gift from Okawaru
100228 | Abyss:3  | Found a snail-covered altar of Cheibriados.
100326 | Abyss:3  | Received a gift from Okawaru
100529 | Abyss:3  | Gained mutation: Your body sometimes deteriorates upon
                  | taking damage. [a cacodemon]
101020 | Abyss:3  | Found a blossoming altar of Fedhas.
101035 | Abyss:3  | Found a corrupted altar of Lugonu.
101046 | Abyss:3  | Reached skill level 27 in Earth Magic
101072 | Abyss:3  | Gained mutation: You occasionally shout uncontrollably at
                  | your foes. [a neqoxec]
101333 | Abyss:3  | Received a gift from Okawaru
101925 | Abyss:3  | Received a gift from Okawaru
102341 | Abyss:3  | Noticed an ancient lich
102349 | Abyss:3  | Killed from afar by a starcursed mass

Levels and vault maps discovered:
D:1:      dpeg_arrival_yet_another_circle, layout_basic
D:2:      layout_rooms, uniq_natasha
D:3:      layout_rooms, evilmike_ruin_ashenzari, gammafunk_ghost_smash,
          first_ration, okawaru_gym_becter
D:4:      layout_loops_ring, nicolae_ossuary_entry_ruins, gup_sewer_entry_bowl
D:5:      layout_basic, minmay_temple_entry_enclosed_plants, uniq_edmund
D:6:      layout_basic, cheibriados_altar_1, uniq_duvessa
D:7:      minmay_razor_zed, layout_basic
D:8:      cheibrodos_iron_armory, layout_loops_ring, minmay_lair_entry_grove,
          hangedman_little_slice_of_home
D:9:      layout_roguey, uniq_erica
D:10:     layout_basic, chequers_serial_rivers_micro_d
D:11:     layout_loops_ring, hangedman_abyss_or_decor_stagger, minivault_5,
          st_stairs_7
D:12:     layout_loops_ring, orc_0_dummy, portal_ice_cave_entry_imps, uniq_snorg
D:13:     layout_long_grid, david_vaults_4, basic_altar,
          nicolae_looking_at_the_future, uniq_nessos
D:14:     layout_gridville, roderic_lattice_octagonal_star,
          kennysheep_inner_square
D:15:     grunt_enter_depths_snipers, layout_loops_cross, serial_bayou_pond_e,
          corexii_checkpoint_b, hangedman_decor_riveting
Lair:1:   layout_chaotic_city
Lair:2:   layout_roguey, guppyfry_snake_entry_island, basic_altar
Lair:3:   layout_chaotic_city, shoals_dummy_entry, ebering_ghost_rock_garden,
          pond, serial_bayou_shore_a, grunt_megastairs_4
Lair:4:   layout_concentric_octagons, uniq_sonja
Lair:5:   layout_cave_pods, slime_dummy
Lair:6:   evilmike_catoblepas_cave, layout_regular_city,
          kilobyte_rumbling_trees, infiniplex_staircase_pool
Shoals:1: layout_shoals, nicolae_shoals_dead_sea_scrolls
Shoals:2: layout_shoals, serial_shops, shop, nicolae_shoals_kraken_intersection
Shoals:3: nzn_motion_control, layout_shoals
Shoals:4: shoals_end_grunt_ice, layout_shoals, lemuel_altar_in_water
Snake:1:  layout_onion_interference, uniq_rupert, uniq_aizul
Snake:2:  layout_basic, serial_bayou_pond_b
Snake:3:  layout_grid_shapes, grunt_megastairs_2
Snake:4:  grunt_snake_rune_serpentine_throne, layout_misc_corridors, basic_altar
Slime:1:  layout_caves, basic_altar
Slime:2:  layout_caves, uniq_dissolution
Slime:3:  layout_caves
Slime:4:  layout_caves
Slime:5
Orc:1:    layout_diamond_mine, nicolae_orc_crystal_geode
Orc:2:    st_orc_mages, layout_caves, nicolae_orc_tapped_out, uniq_jorgrun
Elf:1:    minmay_elf_arrival_summoners, layout_gridlike, serial_shops, shop,
          hangedman_elven_crosses_minicolossus, nicolae_elf_stone_circles,
          minmay_strange_pillars, hangedman_summoners_spam
Elf:2:    layout_geoelf_diagonals
Elf:3:    minmay_elf_hall_spiked, layout_geoelf_octagon, serial_shops, shop
Vaults:1: ontoclasm_vaults_eye, st_squares, vaults_room_boxed,
          grunt_vaults_focal, v_rooms_3, hangedman_vaults_hat,
          nicolae_vaults_windows_and_doors_thing,
          vaults_standard_mumra_enter_the_diamond, layout_vaults_big_cross,
          serial_shops, bzr_entry_islet
Vaults:2: special_room_vaults [special_room_orc], v_misc_28,
          nicolae_vaults_twisting_passages, nicolae_vaults_little_squares_3,
          ontoclasm_vaults_chip, nicolae_vaults_what_the_h,
          nicolae_vaults_triangles, v_misc_12,
          minmay_crypt_entry_simple_statues, nicolae_vaults_little_squares_4,
          ontoclasm_vaults_ring_small, layout_vaults_ring, serial_shops, shop,
          lightli_enter_wizlab_magi_temple, uniq_jory
Vaults:3: v_misc_27, hangedman_vaults_stitches, ontoclasm_vaults_tryst,
          v_pattern_3, vaults_standard_mumra_x, vaults_room_octagon, v_misc_18,
          vaults_dpeg_hooks, ontoclasm_vaults_gateway,
          vaults_mumra_minichess_inversion, layout_vaults_omnibox, serial_shops,
          shop, shop_fountains, nicolae_shop_temple_entry_statues_fountains,
          uniq_nikola, uniq_frederick
Vaults:4: ebering_vaults_ghost_xom, ontoclasm_vaults_ligature,
          nicolae_vaults_asterisk, v_misc_2, hangedman_vaults_nails,
          v_alt_pattern_6, vaults_room_fours, ontoclasm_vaults_shuriken,
          vaults_room_fours, nicolae_vaults_sealed_display,
          layout_vaults_omnigrid
Vaults:5
Crypt:1:  layout_catacombs, uniq_mennas
Crypt:2:  layout_chaotic_city, lemuel_elevator, uniq_saint_roka
Crypt:3:  evilmike_haunted_forest
Depths:1: layout_gridlike, enter_ziggurat_c, hell_entry,
          minmay_stone_trees_small, minmay_shop_grid_forest, dk_noncrumbling_4,
          corexii_leaking_fountain, minmay_statues_item, minmay_microvault,
          uniq_enchantress
Depths:2: kennysheep_bubble_arena, layout_gridlike, abyss_entry,
          hangedman_coc_ice_floe, minmay_staircase_statues
Depths:3: hangedman_pleasuredromes, pan_entry, hell_entry
Depths:4: minmay_inside_and_out, layout_gridville, serial_shops,
          nicolae_shop_temple_entry_statues_fountains, nicolae_shop_waterfront,
          shop, shop_coins, hell_entry, abyss_entry, nicolae_lava_and_water,
          firewood_loft, grunt_megastairs_3
Depths:5: grunt_zot_entry_bicorn, layout_cave_pools, lightli_too_deep,
          abyss_entry, skrybe_limestone_x, minmay_evil_grid,
          serial_bayou_shore_b, serial_bayou_shore_b
Hell
Zot:1:    layout_cathedral_of_symmetry, st_stairs_13, hangedman_spider_trapstep
Zot:2:    kennysheep_spiral_hall, layout_gridville, hangedman_snap_crack_crunch
Zot:3:    layout_concentric_octagons
Zot:4:    layout_misc_corridors
Zot:5:    layout_twisted_circle
Abyss:3:  base: D:4, evilmike_abyss_rune_elephants_shrine, minivault_5,
          minivault_27, hangedman_abyss_shoalhut, kilobyte_mutagenic_chamber,
          gammafunk_abyss_rune_reverse_zot

Skill      XL: |  1  2  3  4  5  6  7  8  9 10 11 12 13 14 15 16 17 18 19 20 21 22 23 24 25 26 27 |
---------------+----------------------------------------------------------------------------------+-----
Axes           | 3 4 5 6 7 8 9 |  9.7
Shields        | 4 5 6 8 9 11 12 13 15 | 15.0
Dodging        | 1 2 3 4 5 6 7 9 10 12 13 14 15 | 15.9
Armour         | 4 5 6 8 9 10 11 13 14 15 18 | 18.8
Fighting       | 4 5 6 8 9 11 12 14 16 17 18 19 20 21 22 23 24 27 | 27.0
Maces & Flails | 4 7 9 11 12 13 14 15 16 17 18 19 | 19.4
Spellcasting   | 1 3 4 5 6 7 8 9 10 16 | 16.1
Invocations    | 1 4 6 7 8 10 | 10.0
Earth Magic    | 4 6 8 9 10 27 | 27.0
Hexes          | 2 |  2.0
Evocations     | 2 5 7 8 9 10 12 | 12.0
Conjurations   | 2 3 7 |  7.0
Throwing       | 1 4 5 11 | 11.6
Necromancy     | 2 5 8 |  8.3
Translocations | 4 |  4.0
Stealth        | 13 | 13.0
Transmutations | |  0.1

Action                   |  1- 3 |  4- 6 |  7- 9 | 10-12 | 13-15 | 16-18 | 19-21 | 22-24 | 25-27 || total
-------------------------+-------+-------+-------+-------+-------+-------+-------+-------+-------++-------
Melee: War axe           |   127 |   140 |   207 |       |       |       |       |       |       ||   474
       Dire flail        |       |       |   136 |   693 |  1422 |  1352 |   836 |    11 |    41 ||  4491
       Great mace        |       |       |       |       |       |       |   821 |  1462 |  3070 ||  5353
       Eveningstar       |       |       |       |       |       |       |       |    48 |     2 ||    50
       Executioner's axe |       |       |       |       |       |       |       |       |   149 ||   149
       Morningstar       |       |       |       |       |       |       |       |       |  1417 ||  1417
       Trishula          |       |       |       |       |       |       |       |       |    13 ||    13
Throw: Boomerang         |       |       |       |       |       |       |       |     1 |       ||     1
       Javelin           |       |       |       |       |       |       |       |       |    87 ||    87
       Dart              |       |       |       |       |       |       |       |       |     2 ||     2
 Cast: Confusing Touch   |       |       |       |       |       |       |       |       |     5 ||     5
       Leda's Liquefacti |       |       |       |       |       |       |       |       |     2 ||     2
       Borgnjor's Vile C |       |       |       |       |       |       |       |       |   108 ||   108
       Iron Shot         |       |       |       |       |       |       |       |       |   105 ||   105
       Dispel Undead     |       |       |       |       |       |       |       |       |    73 ||    73
       Shatter           |       |       |       |       |       |       |       |       |    16 ||    16
       Passage of Golubr |       |       |       |       |       |       |       |       |     4 ||     4
       Statue Form       |       |       |       |       |       |       |       |       |     1 ||     1
Invok: Heroism           |       |       |     4 |     5 |    11 |     6 |    15 |    18 |    47 ||   106
       Finesse           |       |       |       |     1 |     3 |     2 |     4 |     1 |    14 ||    25
 Abil: Dig               |       |       |     1 |       |       |       |       |     1 |     3 ||     5
       Shaft Self        |       |       |       |       |     1 |       |       |       |       ||     1
       End Transformatio |       |       |       |       |       |       |       |       |     1 ||     1
Evoke: Wand              |       |       |       |       |     7 |     2 |     8 |     3 |     9 ||    29
       Phial of floods   |       |       |       |       |       |       |     1 |       |       ||     1
       Fan of gales      |       |       |       |       |       |       |       |       |     3 ||     3
       Horn of Geryon    |       |       |       |       |       |       |       |       |     1 ||     1
  Use: Potion            |     4 |     1 |       |     1 |     6 |     1 |    10 |     4 |    18 ||    45
       Scroll            |       |     5 |     4 |    11 |    16 |     4 |     9 |     3 |    55 ||   107
 Stab: Sleeping          |       |       |       |     2 |     1 |       |       |       |     4 ||     7
       Distracted        |       |       |       |     3 |       |       |       |     2 |     9 ||    14
       Paralysed         |       |       |       |       |     1 |       |       |     1 |       ||     2
       Invisible         |       |       |       |       |       |     4 |     2 |       |     2 ||     8
       Petrified         |       |       |       |       |       |       |     2 |       |       ||     2
       Confused          |       |       |       |       |       |       |       |       |     3 ||     3
  Eat: Chunk             |       |     7 |    14 |    16 |    38 |    25 |    28 |    33 |    50 ||   211
       Ration            |       |       |       |       |     2 |     1 |     3 |     2 |    36 ||    44
Armor: Scale mail        |    87 |    40 |    69 |       |       |    53 |   198 |   217 |    21 ||   685
       Skin              |       |     5 |       |       |       |       |       |       |       ||     5
       Leather armour    |       |       |    33 |   116 |   153 |       |    33 |       |       ||   335
       Chain mail        |       |       |       |       |    87 |   192 |       |    91 |   303 ||   673
       Acid dragon scale |       |       |       |       |       |       |       |       |    24 ||    24
       Pearl dragon scal |       |       |       |       |       |       |       |       |  1132 ||  1132
Dodge: Dodged            |    57 |    42 |   118 |   236 |   558 |   337 |   520 |   427 |  2023 ||  4318
Block: Shield            |    88 |    66 |   223 |   416 |   946 |  1121 |  1470 |  1292 |  1221 ||  6843
       Reflection        |       |       |       |       |     9 |   120 |   160 |   117 |   115 ||   521
       Large shield      |       |       |       |       |       |       |       |       |  4273 ||  4273
